 Dungeon Crawl Stone Soup version 0.16-a0-3803-gd4b2de5 (webtiles) character file.

140 Ololoev the Conjurer (level 5, -5/31 HPs)
             Began as an Octopode Fire Elementalist on Jan 26, 2015.
             Killed from afar by Natasha (10 damage)
             ... with a magic dart
             ... on level 3 of the Dungeon.
             The game lasted 00:11:50 (3596 turns).

Ololoev the Conjurer (Octopode Fire Elementalist)   Turns: 3596, Time: 00:11:51

Health: -5/31      AC:  1    Str:  7    XL:     5   Next: 23%
Magic:  0/9        EV: 12    Int: 19    God:
Gold:   50         SH:  0    Dex: 12    Spells: 3 memorised, 0 levels left

rFire  . . .     SeeInvis .     q - +0 dagger (speed)
rCold  . . .     Clarity  .     (no shield)
rNeg   . . .     SustAb   .     (helmet restricted)
rPois  .         Gourm    .     i - amulet of resist mutation
rElec  .         Spirit   .     (no ring)
rCorr  .         Warding  .     (no ring)
rMut   +         Stasis   .     (no ring)
MR     .....                    (no ring)
Stlth  +++.......               (no ring)
                                (no ring)
                                (no ring)
                                (no ring)

@: very slightly contaminated, not resistant to hostile enchantments, fairly
stealthy
A: almost no armour, amphibious, 8 rings, constrict 8, camouflage 1, gelatinous
body 1
a: no special abilities


You were on level 3 of the Dungeon.
You were hungry.

You visited 1 branch of the dungeon, and saw 3 of its levels.

You collected 50 gold pieces.

Notes
Turn   | Place    | Note
--------------------------------------------------------------
     0 | D:1      | Ololoev, the Octopode Fire Elementalist, began the quest for the Orb.
     0 | D:1      | Reached XP level 1. HP: 11/11 MP: 3/3
   505 | D:1      | Reached XP level 2. HP: 17/17 MP: 1/4
  1302 | D:2      | Reached XP level 3. HP: 21/21 MP: 3/6
  1307 | D:2      | Learned a level 3 spell: Conjure Flame
  1612 | D:2      | Reached XP level 4. HP: 19/27 MP: 2/7
  2740 | D:3      | Noticed Natasha
  2949 | D:3      | HP: 1/27 [Natasha/wand of magic darts (9)]
  2950 | D:3      | Killed Natasha
  2950 | D:3      | Reached skill level 4 in Fire Magic
  2950 | D:3      | Reached XP level 5. HP: 1/31 MP: 3/9
  2958 | D:2      | Learned a level 4 spell: Sticky Flame
  3582 | D:3      | Noticed Natasha
  3596 | D:3      | Killed from afar by Natasha

Inventory:

Hand weapons
 q - a +0 dagger of speed (weapon)
Jewellery
 i - an amulet of resist mutation (around mantle)
Scrolls
 d - a scroll of teleportation {unknown}
 g - a scroll of noise {unknown}
 h - a scroll of random uselessness {unknown}
 k - a scroll of remove curse {unknown}
 m - a scroll of enchant weapon {unknown}
 p - a scroll of identify {unknown}
 r - 2 scrolls of fog {unknown}
Potions
 e - a potion of brilliance {unknown}
 j - a potion of magic {unknown}
 n - a potion of restore abilities {unknown}
 o - a potion of degeneration {unknown}
Books
 b - a book of Flames

   Spells                             Type                      Level
   a - Flame Tongue                   Conjuration/Fire             1
   b - Throw Flame                    Conjuration/Fire             2
   c - Conjure Flame                  Conjuration/Fire             3
   d - Inner Flame                    Hexes/Fire                   3
   e - Sticky Flame                   Conjuration/Fire             4
   f - Fireball                       Conjuration/Fire             5
Comestibles
 a - 2 meat rations
 c - 5 bread rations
 f - 2 chunks of flesh

Table legend:
 A = Turns spent in this place as a percentage of turns spent in the entire game.
 B = Non-inter-level travel turns spent in this place as a percentage of non-inter-level travel turns spent in the entire game.
 C = Inter-level travel turns spent in this place as a percentage of turns spent in this place.
 D = Turns resting spent in this place as a percentage of non-inter-level travel turns spent in this place.
 E = Turns spent auto-exploring this place as a percentage of non-inter-level travel turns spent in this place.
 F = Non-inter-level travel turns spent in this place divided by the number of levels of this place that you've seen.
                   A       B       C       D       E      F
               +-------+-------+-------+-------+-------+----------------------
         Total | 100.0 | 100.0 |   0.4 |  14.1 |   9.3 | 233.3
       Dungeon | 100.0 | 100.0 |   0.4 |  14.1 |   9.3 | 233.3
               +-------+-------+-------+-------+-------+----------------------


   Skills:
 - Level 2.0 Dodging
 - Level 2.6 Stealth
 - Level 2.0 Spellcasting
 * Level 4.1 Conjurations
 + Level 4.0 Fire Magic


You couldn't memorise any spells.
You knew the following spells:

 Your Spells              Type           Power        Failure   Level  Hunger
a - Flame Tongue          Conj/Fire      ###..        3%          1    #......
b - Conjure Flame         Conj/Fire      ###.....     12%         3    ###....
c - Sticky Flame          Conj/Fire      ###.....     34%         4    #####..


Dungeon Overview and Level Annotations

Branches:
Dungeon (3/15)

Altars:

Annotations:
D:3 Natasha


Innate Abilities, Weirdness & Mutations

You cannot wear most types of armour.
You are amphibious.
You can wear up to eight rings at the same time.
You can use your tentacles to constrict many enemies at once.
Your skin changes colour to match your surroundings (Stealth).
Your rubbery body absorbs attacks (AC +1).


Message History

The flame tongue hits Natasha.
Natasha is heavily wounded.
Natasha stares at you and mumbles some strange words.
You resist with some effort.
Natasha gestures.
You have a terrible headache.
Natasha misses you.
Casting: Flame Tongue
Confirm with . or Enter, or press ? or * to list all spells.
Aiming: Sticky Flame
Press: ? - help, Shift-Dir - straight line, f/p - Natasha
Aim: Natasha, carrying a wand of magic darts {zapped: 7} (moderately wounded)
You miscast Sticky Flame.
You are very lightly contaminated with residual magic.
Sparks fly from your tentacles!
You are feeling hungry.
Natasha zaps a wand.
The magic dart hits you!
Casting: Sticky Flame
Confirm with . or Enter, or press ? or * to list all spells.
Aiming: Sticky Flame
Press: ? - help, Shift-Dir - straight line, f/p - Natasha
Aim: Natasha, carrying a wand of magic darts {zapped: 8} (moderately wounded)
You miscast Sticky Flame.
You are momentarily dazzled by a flash of light!
Natasha closely misses you.
You closely miss Natasha. Your grab misses Natasha.
Natasha is moderately wounded.
Natasha claws you!
You hit Natasha. Your grab misses Natasha.
Natasha is heavily wounded.
Natasha claws you.
You hit Natasha. You grab Natasha.
Natasha is severely wounded.
You constrict Natasha, but do no damage.
You hit Natasha.
Natasha is almost dead.
You constrict Natasha, but do no damage.
Natasha stares at you and mumbles some strange words.
The magic dart hits you!
You die...

..#))...).)..##########...
#.....######..........#....
#####.## ####............
#..## #............ ##..####
##......#.....
######....######...).......
...............##...........
##########...............#
#####.@..........
###h......... #.(......[
#........ #........
#........ #..$.... #######


You could see Natasha.

Table legend:
 A = Kills in this place as a percentage of kills in entire the game.
 B = Kills by you in this place as a percentage of kills by you in the entire game.
 C = Kills by friends in this place as a percentage of kills by friends in the entire game.
 D = Other kills in this place as a percentage of other kills in the entire game.
 E = Experience gained in this place as a percentage of experience gained in the entire game.
 F = Experience gained in this place divided by the number of levels of this place that you have seen.
                   A       B       C       D       E      F
               +-------+-------+-------+-------+-------+----------------------
         Total | 100.0 | 100.0 |  -nan |  -nan | 100.0 |  67.0
       Dungeon | 100.0 | 100.0 |  -nan |  -nan | 100.0 |  67.0
               +-------+-------+-------+-------+-------+----------------------

Vanquished Creatures
  Natasha (D:3)
  2 adders
  3 gnolls (D:2)
  2 worms (D:2)
  2 oozes (D:3)
  6 orcs (D:3)
  4 giant cockroaches
  7 goblins
  8 hobgoblins
  2 jackals
  2 quokkas (D:2)
  2 bats (D:2)
  2 giant newts
  3 kobolds
  4 rats
50 creatures vanquished.

Action                   |  1- 3 |  4- 6 || total
-------------------------+-------+-------++-------
Melee: Unarmed           |    37 |    12 ||    49
       Dagger            |       |    11 ||    11
 Cast: Flame Tongue      |    25 |    77 ||   102
       Conjure Flame     |     2 |     1 ||     3
  Use: Potion            |       |     1 ||     1
 Stab: Sleeping          |     4 |     2 ||     6
  Eat: Chunk             |     3 |     5 ||     8
       Beef jerky        |       |     1 ||     1

Vault maps used:
D:1:      evilmike_arrival_plus, minivault_26, nrook_mini_vaults
D:2:      first_bread
D:3:      grunt_temple_overflow_open, uniq_natasha
